 Dungeon Crawl Stone Soup version 0.30-a0-1085-g990a428a5c (webtiles) character file.

Game seed: 4268541815406232032

6195 Gynju the Fighter (level 10, -2/93 HPs)
             Began as a Hill Orc Fighter on Apr 15, 2023.
             Was a Believer of Wu Jian.
             Slain by a gnoll bouda
             ... wielding a +0 quarterstaff
              (7 damage)
             ... on level 8 of the Dungeon on Apr 16, 2023.
             The game lasted 00:13:39 (6928 turns).

Gynju the Fighter (Hill Orc Fighter)                Turns: 6928, Time: 00:13:40

Health: -2/93      AC:  0    Str: 24    XL:     10   Next: 91%
Magic:  10/10      EV:  3    Int:  8    God:    Wu Jian [**....]
Gold:   440        SH:  0    Dex: 10    Spells: 9/9 levels left

rFire   . . .      SeeInvis .    b - melded +10 glaive of the Forging Gods {heavy, Int+3 Dex+3 Stlth+}
rCold   . . .      Faith    .    (shield currently unavailable)
rNeg    . . .      Spirit   .    n - melded +1 chain mail
rPois   .          Reflect  .    H - melded +0 helmet
rElec   .          Rampage  .    v - melded scarf {+Inv}
rCorr   .                        (gloves currently unavailable)
Will    .....                    (boots currently unavailable)
Stlth   +                        (no amulet)
HPRegen 0.35/turn                f - melded +6 ring of strength
MPRegen 0.12/turn                r - melded ring of resist corrosion

@: pig-form (expiring), sleeping, weakened, very quick
A: fast, no casting, small
a: Renounce Religion, Wall Jump


You were on level 8 of the Dungeon.
You worshipped Wu Jian.
Wu Jian was pleased with you.
You were a filthy swine.
You visited 1 branch of the dungeon, and saw 8 of its levels.
You also visited: Ossuary.

You collected 440 gold pieces.

Inventory:

Hand Weapons
 a - a +1 war axe
 b - the +10 glaive of the Forging Gods (melded) {heavy, Int+3 Dex+3 Stlth+}
   (You acquired it on level 4 of the Dungeon)

   Int:       It affects your intelligence (+3).
   Dex:       It affects your dexterity (+3).
   Stlth:     It makes you more stealthy.
Missiles
 g - a throwing net (quivered)
Armour
 h - +0 acid dragon scales
 n - a +1 chain mail (melded)
 v - a scarf of invisibility (melded)
 H - a +0 helmet (melded)
Magical Staves
 o - a staff of cold
Jewellery
 f - a +6 ring of strength (melded)
 r - a ring of resist corrosion (melded)
 J - a ring of fire
Wands
 e - a wand of iceblast (16)
 w - a wand of paralysis (7)
 C - a wand of digging (2)
 F - a wand of flame (16)
 G - a wand of polymorph (5)
Scrolls
 i - 2 scrolls of immolation
 j - 3 scrolls of fog
 m - 4 scrolls of teleportation
 x - 2 scrolls of identify {@r1}
 y - a scroll of magic mapping
 B - 2 scrolls of noise {unknown}
 D - a scroll of amnesia {unknown}
 E - 2 scrolls of poison
 I - a scroll of enchant armour
Potions
 c - a potion of degeneration
 k - 5 potions of curing {@q1}
 l - 2 potions of invisibility
 p - a potion of ambrosia {unknown}
 q - 2 potions of haste
 s - 3 potions of cancellation
 t - 3 potions of attraction
 u - a potion of brilliance {unknown}
 z - 3 potions of mutation {unknown}
 A - 2 potions of lignification {unknown}


   Skills:
 + Level 10.2 Fighting
 - Level 6.2(8.7) Axes
 + Level 7.9(8.6) Polearms
 + Level 9.3 Armour
 + Level 9.3 Shields


You had 9 spell levels left.
You didn't know any spells.
Your spell library contained the following spells:

 Spells                   Type           Power      Damage    Failure   Level
 Kiss of Death            Conj/Necr      0%         2d5       41%         1
 Confusing Touch          Hex            0%         N/A       78%         3
 Dispel Undead            Necr           0%         3d6       99%         4
 Passage of Golubria      Tloc           0%         N/A       99%         4
 Silence                  Hex/Air        0%         N/A       100%        5
 Lehudib's Crystal Spear  Conj/Erth      0%         10d2      100%        8


Dungeon Overview and Level Annotations

Branches:
Dungeon (8/15)             Temple (0/1) D:5         Ossuary (visited)
   Lair: D:8-11

Altars:
Ashenzari
Cheibriados
Dithmenos
Fedhas
Gozag
Qazlal
Sif Muna
Wu Jian
Xom
Yredelemnul
Zin

Shops:
D:5 =*


Message History

The arc of chaos hits you.
The arc of chaos hits the dream sheep.
You barely miss Psyche.
Psyche is almost dead.
The dream sheep bites you! The dream sheep bites you.
* * * LOW HITPOINT WARNING * * *
Psyche closely misses you.
You hit Psyche.
You kill Psyche!
The Council accepts your kill. The dream sheep bites you.
* * * LOW HITPOINT WARNING * * *
The dream sheep bites you!
* * * LOW HITPOINT WARNING * * *
You closely miss the gnoll bouda. The gnoll bouda closely misses you.
The dream sheep ruffle their wool and motes of dream dust sparkle, to no effect.
The dream sheep closely misses you.
You feel much better. The gnoll bouda closely misses you.
The dream sheep bites you!
* * * LOW HITPOINT WARNING * * *
The dream sheep bites you.
* * * LOW HITPOINT WARNING * * *
You hit the gnoll bouda but do no damage.
The gnoll bouda hits you with a +0 quarterstaff!
* * * LOW HITPOINT WARNING * * *
The dream sheep bites you.
* * * LOW HITPOINT WARNING * * *
The dream sheep ruffle their wool and motes of dream dust sparkle, to no effect.
You hit the gnoll bouda.
The gnoll bouda is lightly wounded.
You barely miss the gnoll bouda.
The gnoll bouda is lightly wounded.
The dream sheep bites you.
* * * LOW HITPOINT WARNING * * *
The gnoll bouda closely misses you. The dream sheep barely misses you.
You closely miss the gnoll bouda.
The gnoll bouda is lightly wounded.
The dream sheep shake their wool and sparkle.
You feel drowsy...
You fall asleep.
The gnoll bouda hits you with a +0 quarterstaff!
You die...

######## #......#
#......#
####......#########
#........h..#..../##
#.###...YYg........#
#...................
#####...............
###...............
..................
###...............
##########
##.............#
........<#
##.....#.....##


You could see 2 dream sheep and a gnoll bouda.

Vanquished Creatures
  Erica (D:8)
  A manticore (D:7)
  A cyclops (D:7)
  Maggie (D:6)
  Psyche (D:8)
  A troll (D:7)
  Grinder (D:3)
  Sigmund (D:6)
  A slime creature (D:7)
  4 wraiths
  An acid dragon (D:7)
  A water moccasin (D:7)
  Duvessa (D:6)
  4 ice beasts
  2 sky beasts
  A black bear (D:6)
  2 ogres
  2 phantoms (D:5)
  2 kobold brigands
  2 necrophages (D:5)
  A bullfrog (D:7)
  Blork the orc (D:6)
  2 scorpions
  2 water moccasin zombies (D:5)
  4 wights
  Dowan (D:6)
  A bullfrog zombie (D:5)
  4 jellies
  An orc priest (D:8)
  5 hounds
  A human zombie (D:5)
  2 sleepcaps (D:6)
  7 iguanas
  An orc wizard (D:4)
  A killer bee zombie (D:5)
  A hound zombie (D:5)
  2 mummies (D:5)
  6 adders
  A shadow imp (D:6)
  An ufetubus (D:6)
  3 adder zombies
  2 worms
  5 dart slugs
  19 orcs
  3 endoplasms
  5 giant cockroaches
  4 goblins
  7 hobgoblins
  4 jackals (D:1)
  13 kobolds
  4 quokkas
  9 ball pythons
  3 bats
  5 frilled lizards
  2 hobgoblin skeletons (Ossuary)
  A hobgoblin zombie (Ossuary)
  3 kobold zombies (Ossuary)
  An orc skeleton (Ossuary)
  An orc zombie (Ossuary)
  7 rats
177 creatures vanquished.

Vanquished Creatures (others)
  3 plants
3 creatures vanquished.

Grand Total: 180 creatures vanquished

Notes
Turn   | Place    | Note
-------+----------+-------------------------------------------
     0 | D:1      | Gynju the Hill Orc Fighter began the quest for the Orb.
     0 | D:1      | Reached XP level 1. HP: 19/19 MP: 1/1
    43 | D:1      | Reached XP level 2. HP: 24/27 MP: 2/2
   146 | D:1      | Reached XP level 3. HP: 33/33 MP: 3/3
   166 | D:1      | Reached skill level 4 in Fighting
   516 | D:2      | Upgraded the game from 0.30-a0-1082-g70414cbcbb to
                  | 0.30-a0-1085-g990a428a5c
   716 | D:2      | Found a faded altar of an unknown god.
   825 | D:2      | Found a shimmering altar of Xom.
   835 | D:2      | Reached XP level 4. HP: 40/40 MP: 4/4
  1355 | D:3      | Noticed Grinder
  1377 | D:3      | Killed Grinder
  1378 | D:3      | Reached skill level 5 in Axes
  1378 | D:3      | Reached XP level 5. HP: 30/47 MP: 5/5
  1378 | D:3      | Reached XP level 6. HP: 35/55 MP: 6/6
  1567 | D:3      | Reached skill level 5 in Fighting
  1733 | D:3      | Found a blossoming altar of Fedhas.
  2301 | D:4      | Identified a scroll of acquirement
  2301 | D:4      | Acquired the +10 glaive of the Forging Gods {heavy, Int+3
                  | Dex+3 Stlth+}
  2473 | D:4      | Found an ornate altar of the Wu Jian Council.
  2521 | D:4      | Became a worshipper of the Wu Jian Council
  2536 | D:4      | Found a stormy altar of Qazlal.
  2586 | D:4      | Found an opulent altar of Gozag.
  2638 | D:4      | Reached XP level 7. HP: 61/61 MP: 7/7
  2664 | D:4      | Found a snail-covered altar of Cheibriados.
  2691 | D:4      | Reached skill level 1 in Polearms
  2762 | D:4      | Found a shimmering blue altar of Sif Muna.
  2907 | D:5      | Entered Level 5 of the Dungeon
  2907 | D:5      | Found Janwy's Jewellery Shop.
  3053 | D:5      | Reached skill level 5 in Armour
  3053 | D:5      | Reached skill level 5 in Shields
  3189 | D:5      | Found a staircase to the Ecumenical Temple.
  3256 | D:5      | Found Fuics's Assorted Antiques.
  3394 | D:5      | Reached skill level 6 in Fighting
  3398 | D:5      | Reached XP level 8. HP: 68/70 MP: 8/8
  3445 | D:5      | Found a basalt altar of Yredelemnul.
  3633 | D:6      | Noticed Maggie
  3637 | D:6      | Killed Maggie
  3638 | D:6      | Reached skill level 7 in Fighting
  3647 | D:6      | Noticed Blork the orc
  3651 | D:6      | Reached * piety under Wu Jian
  3652 | D:6      | Killed Blork the orc
  3709 | D:6      | Found a sand-covered staircase.
  3725 | Ossuary  | Entered an ossuary
  3811 | Ossuary  | Noticed a flying skull
  3811 | Ossuary  | Noticed a wraith
  3822 | Ossuary  | Noticed a flying skull
  3824 | Ossuary  | Noticed a flying skull
  3854 | Ossuary  | Noticed a wraith
  3856 | Ossuary  | Killed a wraith
  3857 | Ossuary  | Reached XP level 9. HP: 79/79 MP: 9/9
  3937 | Ossuary  | Reached skill level 5 in Polearms
  4074 | D:6      | Found a glowing silver altar of Zin.
  4312 | D:6      | Found a broken altar of Ashenzari.
  4337 | D:6      | Noticed Sigmund
  4340 | D:6      | Reached ** piety under Wu Jian
  4341 | D:6      | Reached skill level 8 in Fighting
  4344 | D:6      | Killed Sigmund
  4617 | D:6      | Noticed Dowan
  4617 | D:6      | Noticed Duvessa
  4624 | D:6      | Killed Dowan
  4627 | D:6      | Killed Duvessa
  5294 | D:7      | Found a shadowy altar of Dithmenos.
  5558 | D:7      | Reached XP level 10. HP: 81/90 MP: 10/10
  5559 | D:7      | Reached skill level 9 in Fighting
  5901 | D:7      | Noticed a cyclops
  5914 | D:7      | Killed a cyclops
  6110 | D:7      | Noticed a manticore
  6118 | D:7      | Killed a manticore
  6540 | D:8      | Noticed Erica
  6552 | D:8      | Killed Erica
  6553 | D:8      | Reached skill level 10 in Fighting
  6905 | D:8      | Noticed Psyche
  6922 | D:8      | Killed Psyche
  6927 | D:8      | HP: 4/93 [dream sheep (1)]
  6928 | D:8      | Slain by a gnoll bouda

Illustrated notes

Levels and vault maps discovered:
D:1:      amcnicky_arrival_underground_garden, layout_rooms, minmay_tromino_v4_a
D:2:      layout_loops_ring, hellmonk_ecumenical_altar_inner_sanctum,
          basic_altar
D:3:      layout_basic, fedhas_altar_2, grunt_ministairs_10, uniq_grinder
D:4:      layout_basic, overflow_temple_1_default,
          nicolae_overflow_crystal_walls, old_standard_altar,
          grunt_gozag_breadcrumbs, nicolae_wu_jian_wuxing_cycle
D:5:      layout_cave_pools, lemuel_mausoleum_altar_yredelemnul,
          minmay_temple_entry_large_hall, serial_shops,
          nicolae_shop_overgrown_old_shop, nicolae_shop_tiny_glass,
          chequers_big_river
D:6:      layout_rooms, mainiacjoe_overflow_paths, ashenzari_altar_1,
          nicolae_ossuary_entry_false_entrances, kennysheep_minor_cross,
          roderic_roman_lattice, kennysheep_generic_room_9, uniq_blork_the_orc,
          uniq_sigmund, uniq_duvessa, uniq_maggie
D:7:      layout_rooms, grunt_dithmenos_smoke_and_mirrors,
          minmay_shattered_shrine
D:8:      layout_rooms, lemuel_tele_altar, dreamdust_gnoll_shepherd, uniq_erica,
          uniq_psyche

Skill      XL: |  1  2  3  4  5  6  7  8  9 10 |
---------------+-------------------------------+-----
Axes           | 3 4 5 6 |  6.2
Fighting       | 4 5 6 7 8 10 | 10.2
Armour         | 4 5 6 8 9 |  9.3
Shields        | 4 5 6 8 9 |  9.3
Polearms       | 2 4 6 7 |  7.9

Action                     |  1- 3 |  4- 6 |  7- 9 | 10-12 || total
---------------------------+-------+-------+-------+-------++-------
  Melee: War axe           |    85 |    97 |       |       ||   182
         Glaive            |       |     8 |   125 |    51 ||   184
         Unarmed           |       |       |       |    18 ||    18
Ability: Whirlwind         |       |       |     2 |     2 ||     4
         Lunge             |       |       |     4 |     3 ||     7
    Use: Potion            |       |     1 |     1 |     2 ||     4
         Scroll            |       |     8 |    10 |       ||    18
   Stab: Distracted        |       |       |     1 |       ||     1
 Armour: Scale mail        |    45 |       |       |       ||    45
         Chain mail        |       |    56 |    79 |    43 ||   178
  Dodge: Dodged            |    34 |    45 |    68 |    69 ||   216
  Block: Buckler           |    27 |    23 |       |       ||    50

Table legend: (Time is in decaauts)
 A = Elapsed time spent in this place.
 B = Non-inter-level travel time spent in this place.
 C = Inter-level travel time spent in this place.
 D = Time resting spent in this place.
 E = Time spent auto-exploring this place.
 F = Levels seen in this place.
 G = Mean time per level.
                   A        B        C        D        E       F      G
               +--------+--------+--------+--------+--------+-----+--------+
         Total |   7198 |   6988 |    210 |    312 |   5338 |   9 |  799.8 |
       Dungeon |   6904 |   6694 |    210 |    312 |   5189 |   8 |  863.0 |
       Ossuary |    294 |    294 |      0 |      0 |    149 |   1 |  294.0 |
               +--------+--------+--------+--------+--------+-----+--------+

Top non-repeatable levels by time:
     D:7: 1639 daAuts
     D:6: 1303 daAuts
     D:3: 1176 daAuts
     D:2: 864 daAuts
     D:5: 772 daAuts
     D:4: 500 daAuts
     D:1: 441 daAuts
 Ossuary: 294 daAuts
     D:8: 206 daAuts
